 Dungeon Crawl Stone Soup version 0.29.0-4-gdea44cf6ec (webtiles) character file.

Game seed: 8382235360475803441

2825 gelatine the Skirmisher (level 9, -2/68 HPs)
             Began as a Demonspawn Hunter on Aug 27, 2022.
             Was an Elder of Fedhas.
             Slain by a shadow (13 damage)
             ... on level 7 of the Dungeon.
             The game lasted 00:20:15 (6658 turns).

gelatine the Skirmisher (Demonspawn Hunter)         Turns: 6658, Time: 00:20:16

Health: -2/68      AC: 12    Str: 12    XL:     9   Next: 45%
Magic:  14/14      EV: 13    Int: 10    God:    Fedhas [****..]
Gold:   473        SH:  6    Dex: 21    Spells: 8/8 levels left

rFire   . . .      SeeInvis .   a - +2 shortbow (elec)
rCold   . . .      Faith    .   (shield currently unavailable)
rNeg    + . .      Spirit   .   E - +2 robe
rPois   .          Reflect  .   j - +0 helmet
rElec   .          Harm     .   v - +2 cloak
rCorr   .          Rampage  .   (no gloves)
Will    .....                   (no boots)
Stlth   ++........              s - amulet of the acrobat
HPRegen 0.21/turn               o - +4 ring of protection
MPRegen 0.14/turn               r - ring of positive energy

@: no status effects
A: large bone plates 2, ignite blood 1, weakness stinger 2
a: Renounce Religion, Wall of Briars, Grow Ballistomycete, Overgrow


You were on level 7 of the Dungeon.
You worshipped Fedhas.
Fedhas was greatly pleased with you.
You visited 2 branches of the dungeon, and saw 8 of its levels.

You collected 473 gold pieces.

Inventory:

Hand Weapons
 a - a +2 shortbow of electrocution (weapon)
 l - a +1 short sword of draining
 D - a +0 rapier of protection
 J - a +2 dagger of flaming
Missiles
 m - 2 atropa-tipped darts
 C - 6 curare-tipped darts
Armour
 c - a +0 leather armour
 j - a +0 helmet (worn)
 k - a +0 ring mail
 v - a +2 cloak (worn)
 E - a +2 robe (worn)
 G - +0 fire dragon scales
Jewellery
 f - a ring of fire
 o - a +4 ring of protection (left hand)
 r - a ring of positive energy (right hand)
 s - an amulet of the acrobat (around neck)
 I - a ring of fire
Wands
 d - a wand of charming (9)
 e - a wand of mindburst (5)
 n - a wand of flame (13)
 u - a wand of roots (8)
 y - a wand of polymorph (4)
Scrolls
 b - a scroll of immolation
 h - a scroll of amnesia
 p - a scroll of butterflies
 q - 3 scrolls of teleportation
 z - a scroll of noise
 F - a scroll of magic mapping
 H - 2 scrolls of torment {unknown}
 M - a scroll of summoning {unknown}
 N - a scroll of fear {unknown}
 O - a scroll of vulnerability {unknown}
Potions
 g - 2 potions of magic {unknown}
 i - 2 potions of might
 t - a potion of mutation
 w - a potion of heal wounds
 x - a potion of cancellation {unknown}
 A - a potion of berserk rage {unknown}
 B - 2 potions of flight {unknown}
 K - a potion of haste {unknown}
 L - a potion of degeneration {unknown}


   Skills:
 + Level 5.2 Fighting
 + Level 9.4 Ranged Weapons
 + Level 2.0 Armour
 + Level 2.9 Dodging
 + Level 1.9 Stealth
 + Level 2.1 Shields
 * Level 7.3 Invocations
 + Level 1.0 Evocations


You had 8 spell levels left.
You didn't know any spells.
Your spell library contained the following spells:

 Spells                   Type           Power      Damage    Failure   Level
 Ensorcelled Hibernation  Hex/Ice        0%         N/A       50%         2
 Spider Form              Tmut/Pois      0%         N/A       75%         3
 Anguish                  Hex/Necr       0%         N/A       98%         4


Dungeon Overview and Level Annotations

Branches:
Dungeon (7/15)             Temple (1/1) D:5

Altars:
Ashenzari
Cheibriados
Dithmenos
Fedhas
Gozag
Hepliaklqana
Kikubaaqudgha
Makhleb
Okawaru
Qazlal
Ru
Sif Muna
Trog
Uskayaw
Vehumet
Wu Jian
Xom
Lugonu

Portals:
Abyss: D:6


Innate Abilities, Weirdness & Mutations

You are mostly covered in large bone plates. (SH +6)
Your demonic aura sometimes causes spilled blood to erupt in flames.
You have a tail ending in a sharp stinger.


Message History

Lightning courses through the deep elf pyromancer!
The deep elf pyromancer is severely wounded.
Fire: a) +2 shortbow (elec)
Press: ? - help, Q - select action, (/) - cycle Shift-Dir - straight line, f/p - deep elf pyromancer
Aim: a deep elf pyromancer, wielding a +0 long sword (severely wounded, 62% to hit)
You shoot an arrow. The arrow hits the deep elf pyromancer.
The deep elf pyromancer is severely wounded.
The shadow strikes at you from the darkness!
* * * LOW HITPOINT WARNING * * *
Reactivating autopickup.
Fire: a) +2 shortbow (elec)
Press: ? - help, Q - select action, (/) - cycle Shift-Dir - straight line, f/p - deep elf pyromancer
Aim: a deep elf pyromancer, wielding a +0 long sword (severely wounded, 62% to hit)
You shoot an arrow. The arrow barely misses the shadow.
The arrow hits the deep elf pyromancer!
The deep elf pyromancer is almost dead.
The shadow closely misses you.
The deep elf pyromancer is engulfed in blazing flames.
You kill the deep elf pyromancer!
Fedhas appreciates your contribution to the ecosystem.
The shadow hits you!
* * * LOW HITPOINT WARNING * * *
Your Ranged Weapons skill increases to level 9!
Your Invocations skill increases to level 7!
Fire: a) +2 shortbow (elec)
Press: ? - help, Q - select action, (/) - cycle Shift-Dir - straight line, f - shadow
Aim: a shadow (almost destroyed, 70% to hit)
You shoot an arrow. The arrow barely misses the shadow.
The shadow slips into darkness.
The shadow flickers and vanishes!
Deactivating autopickup; reactivate with Ctrl-A.
Fire: a) +2 shortbow (elec)
Press: ? - help, Q - select action, (/) - cycle Shift-Dir - straight line, f - wight
Aim: a wight, wielding a +1 short sword and wearing a +0 robe (70% to hit)
You shoot an arrow. The arrow hits the wight.
The wight is lightly damaged.
You hear an angry hiss.
The shadow strikes at you from the darkness!
You die...
Fedhas appreciates your contribution to the ecosystem.

...###...####........,,,,,,,,,,,*
#### #####...........,,,,,,,,,,,,
.#########†##########*********,,,
.##........#♣♣.♣♣***,*****,* *,,,
.##........#♣...♣#,*,*,**,** *,,,
.##........#.#'#.#,*,*,*,** *,,*
.##........#.#.#.#,,,,,**,** *,,,
.#####+#+#.#.#)#.#,***,***,***,,,
....##.#...#.#.#@#*,,,** **,**,,,
###....#.....#.#{#*o,,******,,,,,
....#..#.#...#.#°z.J5!$.,,,,,,,,,
....#..#.....#.#.##zE.##****,,,,,
....'......#.#.#.#*,..#* **,**,,,
....#..#...#.#.#.#,**#.#**,**#...
....##.....#.#)#.#,,,,,#*,** #...
....##.#...#.#†#.#,*,*,*,** #...
....##.)...#♣...♣#,*,*,**,** #...


You could see a wight.

Vanquished Creatures
  A deep elf pyromancer (D:7)
  Pikel (D:7)
  2 water moccasins
  An ice beast (D:5)
  2 ogres (D:6)
  A sky beast (D:7)
  A lemure (D:7)
  2 phantoms (D:6)
  A centaur (D:7)
  Blork the orc (D:6)
  2 kobold brigands (D:6)
  3 scorpions
  A wight (D:7)
  3 killer bees (D:6)
  A howler monkey (D:4)
  3 hounds
  3 jellies
  7 iguanas
  An orc wizard (D:6)
  Robin (D:3)
  8 adders
  A river rat (D:5)
  2 shadow imps
  A white imp (D:5)
  2 ufetubi
  2 dart slugs
  9 orcs
  4 ball pythons
  8 bats
  8 endoplasms
  4 giant cockroaches (D:2)
  18 goblins
  6 hobgoblins
  5 jackals (D:2)
  15 kobolds
  A quokka (D:1)
  3 frilled lizards
  3 rats
138 creatures vanquished.

Notes
Turn   | Place    | Note
-------+----------+-------------------------------------------
     0 | D:1      | gelatine the Demonspawn Hunter began the quest for the Orb.
     0 | D:1      | Reached XP level 1. HP: 16/16 MP: 1/1
   433 | D:1      | Gained mutation: You are partially covered in large bone
                  | plates. (SH +4) [demonic ancestry]
   433 | D:1      | Reached XP level 2. HP: 20/22 MP: 2/2
   756 | D:1      | Reached skill level 4 in Ranged Weapons
   786 | D:1      | Found a faded altar of an unknown god.
   794 | D:1      | Prayed at the altar of an unknown god.
   794 | D:1      | Became a worshipper of Fedhas Madash
   794 | D:1      | Reached * piety under Fedhas
  1167 | D:2      | Reached skill level 1 in Stealth
  1177 | D:2      | Gained mutation: You have a small tail. [demonic ancestry]
  1177 | D:2      | Reached XP level 3. HP: 27/27 MP: 3/3
  1580 | D:2      | Reached ** piety under Fedhas
  1610 | D:2      | Gained mutation: You are mostly covered in large bone
                  | plates. (SH +6) [demonic ancestry]
  1610 | D:2      | Reached XP level 4. HP: 34/34 MP: 4/4
  1655 | D:2      | Reached skill level 1 in Armour
  2107 | D:3      | Noticed Robin
  2121 | D:3      | Killed Robin
  2247 | D:3      | Found a broken altar of Ashenzari.
  2247 | D:3      | Found an ancient bone altar of Kikubaaqudgha.
  2248 | D:3      | Found a blossoming altar of Fedhas.
  2253 | D:3      | Reached skill level 1 in Invocations
  2269 | D:3      | Found an opulent altar of Gozag.
  2820 | D:4      | Reached skill level 5 in Ranged Weapons
  2845 | D:4      | Reached XP level 5. HP: 39/39 MP: 6/6
  2876 | D:4      | Reached *** piety under Fedhas
  3017 | D:4      | You fall into a shaft and drop 3 floors!
  3043 | D:7      | Gained mutation: You have a tail ending in a sharp stinger.
                  | [demonic ancestry]
  3043 | D:7      | Reached XP level 6. HP: 39/47 MP: 7/7
  3282 | D:6      | Noticed Blork the orc
  3290 | D:6      | Killed Blork the orc
  3293 | D:6      | Reached skill level 6 in Ranged Weapons
  3293 | D:6      | Reached XP level 7. HP: 37/52 MP: 9/9
  3856 | D:5      | Entered Level 5 of the Dungeon
  3875 | D:5      | Reached skill level 1 in Shields
  4402 | D:5      | Reached skill level 7 in Ranged Weapons
  4478 | D:5      | Gained mutation: Your demonic aura sometimes causes spilled
                  | blood to erupt in flames. [demonic ancestry]
  4478 | D:5      | Reached XP level 8. HP: 19/60 MP: 11/11
  4783 | D:5      | Reached **** piety under Fedhas
  4785 | D:5      | Reached skill level 5 in Invocations
  4815 | D:5      | Found a staircase to the Ecumenical Temple.
  4823 | Temple   | Entered the Ecumenical Temple
  5653 | D:6      | Found a large runed translucent door.
  5653 | D:6      | Found a large runed translucent door.
  5654 | D:6      | Found a corrupted altar of Lugonu.
  5819 | D:6      | Found a one-way gate to the infinite horrors of the Abyss.
  6120 | D:6      | Reached skill level 1 in Evocations
  6329 | D:7      | Noticed Pikel
  6348 | D:7      | Killed Pikel
  6349 | D:7      | Reached skill level 8 in Ranged Weapons
  6465 | D:7      | Reached XP level 9. HP: 67/67 MP: 13/13
  6508 | D:7      | Reached skill level 5 in Fighting
  6632 | D:7      | Noticed a deep elf pyromancer
  6634 | D:7      | Noticed a deep elf pyromancer
  6656 | D:7      | Killed a deep elf pyromancer
  6657 | D:7      | Reached skill level 9 in Ranged Weapons
  6658 | D:7      | Slain by a shadow

Illustrated notes

Levels and vault maps discovered:
D:1:      dpeg_arrival_concentric_ovals, layout_basic, basic_ecumenical_altar
D:2:      minmay_diamond_boxcup, layout_rooms
D:3:      layout_loops_corners, nicolae_overflow_quartered_altars, uniq_robin
D:4:      layout_gridville
D:5:      layout_cave_pools, minmay_temple_entry_hall
D:6:      due_chaos_kobolds, layout_basic, minmay_misc_feat_tower,
          uniq_blork_the_orc
D:7:      nzn_winding_woodlands_small [nzn_winding_woodlands_5x15_sawtooth,
          nzn_winding_woodlands_center_pierced_h,
          nzn_winding_woodlands_5x15_longhouse], layout_basic, uniq_pikel
Temple:   eino_temple_scatter_basement

Skill      XL: |  1  2  3  4  5  6  7  8  9 |
---------------+----------------------------+-----
Ranged Weapons | 4 5 6 7 8 9 |  9.4
Stealth        | 1 |  1.9
Armour         | 1 2 |  2.0
Dodging        | 2 |  2.9
Invocations    | 1 2 3 4 6 7 |  7.3
Fighting       | 3 4 5 |  5.2
Shields        | 1 2 |  2.1
Evocations     | 1 |  1.0

Action                   |  1- 3 |  4- 6 |  7- 9 || total
-------------------------+-------+-------+-------++-------
 Fire: Shortbow          |   119 |   141 |   201 ||   461
Evoke: Wand              |       |       |    12 ||    12
  Use: Scroll            |       |     4 |    10 ||    14
       Potion            |       |       |     2 ||     2
Armor: Leather armour    |     1 |    10 |       ||    11
       Ring mail         |    70 |    10 |       ||    80
       Robe              |       |       |    40 ||    40
Dodge: Dodged            |    95 |    27 |    54 ||   176
Block: Other             |    20 |    17 |    32 ||    69
